 Dungeon Crawl Stone Soup version 0.31.0-32-g396128a36d (webtiles) character file.

Game seed: 10152329912979166631

64 AgateBread the Slasher (level 4, -3/37 HPs)
             Began as a Merfolk Gladiator on Apr 14, 2024.
             Slain by a hobgoblin (4 damage)
             ... led by Robin
             ... on level 2 of the Dungeon.
             The game lasted 00:04:33 (1173 turns).

AgateBread the Slasher (Merfolk Gladiator)          Turns: 1173, Time: 00:04:35

Health: -3/37      AC:  4    Str: 14    XL:     4   Next: 12%
Magic:  4/4        EV: 13    Int:  7    God:
Gold:   76         SH:  0    Dex: 17    Spells: 3/3 levels left

rFire   . . .        a - +0 long sword
rCold   . . .        (no shield)
rNeg    . . .        b - +0 leather armour
rPois   .            c - +0 helmet
rElec   .            (no cloak)
rCorr   .            (no gloves)
SInv    .            (no boots)
Will    .....        (no amulet)
Stlth   +            (no ring)
HPRegen 0.26/turn    (no ring)
MPRegen 0.09/turn

%: no passive effects
@: weak-willed, on berserk cooldown, slowed, very slow
A: (nimble swimmer 2), mertail
a: no special abilities


You were on level 2 of the Dungeon.
You visited 1 branch of the dungeon, and saw 2 of its levels.

You collected 76 gold pieces.

Inventory:

Hand Weapons
 a - a +0 long sword (weapon)
Missiles
 d - 4 throwing nets (quivered)
 e - a javelin
Armour
 b - a +0 leather armour (worn)
 c - a +0 helmet (worn)
 f - a +0 plate armour
Scrolls
 g - a scroll of brand weapon {unknown}
 i - a scroll of identify


   Skills:
 + Level 3.6 Fighting
 + Level 4.8 Long Blades
 - Level 2.0 Throwing
 - Level 4.0 Dodging


You had 3 spell levels left.
You didn't know any spells.
Your spell library contained the following spells:

 Spells                   Type           Power      Damage    Failure   Level
 Inner Flame              Hex/Fire       0%         N/A       87%         3
 Flame Wave               Conj/Fire      0%         2d4       99%         4
 Sticky Flame             Fire/Alch      0%         2d4       99%         4


Dungeon Overview and Level Annotations

Branches:
Dungeon (2/15)

Altars:

Annotations:
D:2 Robin


Innate Abilities, Weirdness & Mutations

((You are very nimble when in or above water. (Stealth+, EV+, Speed+++)))
Your lower body shifts to a powerful aquatic tail in water.


Message History

You slash the goblin!
You kill the goblin!
Items here: ))) †.
You feel a strong urge to attack something.
You are no longer berserk.
You are exhausted.
You feel yourself slow down. The quokka barely misses you.
The quokka misses you.
You barely miss the quokka. The quokka bites you.
* * * LOW HITPOINT WARNING * * *
The quokka closely misses you.
You aren't carrying any potions.
Unknown command.
Okay, then.
You hit the hobgoblin.
The hobgoblin is moderately wounded.
The hobgoblin no longer looks unusually strong.
The quokka closely misses you. The hobgoblin misses you.
Robin roars a battlecry!
The hobgoblin goes into a battle-frenzy!
The quokka bites you.
* * * LOW HITPOINT WARNING * * *
The hobgoblin hits you.
* * * LOW HITPOINT WARNING * * *
You hit the hobgoblin.
The hobgoblin is almost dead.
The quokka bites you.
* * * LOW HITPOINT WARNING * * *
The hobgoblin barely misses you. The quokka misses you.
Robin hits you with a +0 falchion of holy wrath.
* * * LOW HITPOINT WARNING * * *
The hobgoblin closely misses you.
As you read the scroll labelled LUDIDGH KIWAOPTAODGH, it crumbles to dust.
A wave of despondency washes over your surroundings.
It was a scroll of vulnerability.
The quokka barely misses you.
Robin hits you with a +0 falchion of holy wrath.
* * * LOW HITPOINT WARNING * * *
The hobgoblin hits you.
You die...

###### #.......#
♣♣♣♣...♣♣ ....#
##...#.## ♣♣♣.♣. #
#.#..# #..##.# ♣..♣
#.#.#..####..##.#
♣..♣♣
##.#.#...........#
♣.♣♣♣
......#.####..####
♣.. ..#...#.#
##...#### ♣.♣♣
##..#.###.......# ♣.
## #...##...@...## ♣
#.# ##.##...grg...#
#.# ##...+...JK....#
♣
#.###..###.........#
♣♣ #..#.#.#
##.......## ♣.
#..<...# ##.....##
♣. ####.### ##)))##
♣. #.# ##'## ♣♣ #.#
#)# ♣


You could see Robin (weak-willed), an endoplasm (weak-willed), a quokka
(weak-willed), a hobgoblin (strong, weak-willed) and a kobold (weak-willed).

Vanquished Creatures
  An adder (D:2)
  A dart slug (D:2)
  3 bats (D:1)
  2 endoplasms (D:1)
  3 giant cockroaches
  14 goblins
  2 hobgoblins (D:1)
  3 jackals (D:1)
  3 quokkas
  5 ball pythons
  3 frilled lizards
  3 kobolds (D:1)
  4 rats
47 creatures vanquished.

Notes
Turn   | Place    | Note
-------+----------+-------------------------------------------
     0 | D:1      | AgateBread the Merfolk Gladiator began the quest for the
                  | Orb.
     0 | D:1      | Reached XP level 1. HP: 16/16 MP: 1/1
    75 | D:1      | Reached XP level 2. HP: 19/23 MP: 2/2
   103 | D:1      | Found a faded altar of an unknown god.
   354 | D:1      | Reached XP level 3. HP: 29/29 MP: 3/3
  1137 | D:2      | Noticed Robin
  1158 | D:2      | Reached XP level 4. HP: 14/35 MP: 4/4
  1173 | D:2      | HP: 1/37 [Robin/+0 falchion of holy wrath (3)]
  1173 | D:2      | Slain by a hobgoblin

Illustrated notes

Levels and vault maps discovered:
D:1:      giann_bridges, layout_basic, shapermc_ecumenical_altar_ellora
D:2:      kb_forest_paths, layout_loops_corners, uniq_robin

Skill      XL: |  1  2 |
---------------+-------+-----
Long Blades    | 4 |  4.8
Fighting       | 3 |  3.6
Throwing       | |  2.0
Dodging        | |  4.0

Action                     |  1- 3 |  4- 6 || total
---------------------------+-------+-------++-------
  Melee: Long sword        |   113 |     8 ||   121
    Use: Potion            |     2 |       ||     2
         Scroll            |     1 |     1 ||     2
   Stab: Sleeping          |     2 |       ||     2
 Armour: Leather armour    |    71 |     9 ||    80
  Dodge: Dodged            |    95 |    13 ||   108
